 Dungeon Crawl Stone Soup version 0.17-a0-1880-gacf7e67 (webtiles) character file.

2925 kae the Whirler (level 10, -25/69 HPs)
             Began as a Halfling Hunter on Sept 21, 2015.
             Was a Priest of Okawaru.
             Annihilated by a boulder beetle (42 damage)
             ... on level 7 of the Dungeon.
             The game lasted 00:09:47 (7734 turns).

kae the Whirler (Halfling Hunter)                   Turns: 7734, Time: 00:09:48

Health: -25/69     AC:  4    Str: 12    XL:     10   Next: 7%
Magic:  8/10       EV: 21    Int: 10    God:    Okawaru [***...]
Gold:   346        SH:  7    Dex: 19    Spells: 0 memorised, 9 levels left

rFire  . . .     SeeInvis .     a - +2 hunting sling
rCold  . . .     Clarity  .     d - +1 leather armour
rNeg   . . .     SustAt   .     h - +0 buckler
rPois  .         Gourm    .     (no helmet)
rElec  .         Spirit   .     (no cloak)
rCorr  .         Warding  .     (no gloves)
rMut   .         Stasis   .     (no boots)
MR     .....                    (no amulet)
Stlth  ++++......               (no ring)
                                x - +1 ring of evasion

@: heroism, not resistant to hostile enchantments, stealthy
A: mutation resistance 1
a: Heroism, Renounce Religion


You were on level 7 of the Dungeon.
You worshipped Okawaru.
Okawaru was most pleased with you.
You were near starving.

You visited 1 branch of the dungeon, and saw 7 of its levels.

You collected 526 gold pieces.
You spent 180 gold pieces at shops.

Inventory:

Hand weapons
 a - a +2 hunting sling (weapon)
 b - a +0 short sword
Missiles
 f - 40 stones (quivered)
Armour
 d - a +1 leather armour (worn)
 h - a +0 buckler (worn)
Jewellery
 x - a +1 ring of evasion (left hand)
Magical devices
 g - a wand of digging (14)
 A - a wand of disintegration (11)
Scrolls
 c - 2 scrolls of fog
 k - 3 scrolls of identify
 l - 3 scrolls of enchant armour
 m - 2 scrolls of remove curse
 p - a scroll of enchant weapon
 u - a scroll of noise
 v - a scroll of amnesia
 D - a scroll of immolation {unknown}
Potions
 j - 3 potions of brilliance
 n - 2 potions of agility
 r - 4 potions of cancellation
 s - a potion of heal wounds
 t - 2 potions of curing
 w - a potion of haste
 z - 3 potions of berserk rage
 C - 2 potions of resistance
 E - a potion of cure mutation {unknown}
 F - a potion of degeneration {unknown}
Books
 G - a book of Death

   Spells                             Type                      Level
   a - Corpse Rot                     Necromancy                   2
   b - Sublimation of Blood           Necromancy                   2
   c - Agony                          Necromancy                   5
   d - Dispel Undead                  Necromancy                   5
   e - Excruciating Wounds            Charms/Necromancy            5
   f - Bolt of Draining               Conjuration/Necromancy       5
Comestibles
 e - 3 bread rations
 i - 4 meat rations
 o - a slice of pizza
 q - a beef jerky
 B - 4 fruits


   Skills:
 + Level 6.3(11.3) Fighting
 - Level 16.0(21.0) Slings
 - Level 2.1(7.1) Dodging
 - Level 1.1(6.1) Stealth


You had 9 spell levels left.
You didn't know any spells.

Dungeon Overview and Level Annotations

Branches:
Dungeon (7/15)             Temple (0/1) D:7

Altars:
Elyvilon
Gozag
Nemelex Xobeh
Okawaru
Sif Muna
Yredelemnul
The Shining One

Shops:
D:5 !

Annotations:
D:4 exclusion: door


Innate Abilities, Weirdness & Mutations

You are small and have problems with some larger weapons.
You are somewhat resistant to further mutation.


Message History

Press: ? - help, Shift-Dir - straight line, f/p - boulder beetle
Aim: a boulder beetle (heavily wounded)
You shoot a stone.
The stone hits the boulder beetle but does no damage.
The boulder beetle is heavily wounded.
Firing (i - inventory):
f - 42 stones (quivered)
Press: ? - help, Shift-Dir - straight line, f/p - boulder beetle
Aim: a boulder beetle (heavily wounded)
You shoot a stone.
The stone hits the boulder beetle but does no damage.
The boulder beetle is heavily wounded.
Firing (i - inventory):
f - 41 stones (quivered)
Press: ? - help, Shift-Dir - straight line, f/p - boulder beetle
Aim: a boulder beetle (heavily wounded)
You shoot a stone.
The stone hits the boulder beetle but does no damage.
The boulder beetle is heavily wounded.
The boulder beetle bites you!!!
Ouch! That really hurt!
You die...

.............# #..
.............# #..
..############ ##. ..#####
## ......# # ......# #
......###### ###
...........########.# #..
......####(..((B@...#
########.# ......#
############ #.........
....รท.## #.........
.......#############
#.........
######.............#
#.........
#).#.#.#.#.#..#####.........
#...........................
#..#.......#..############.#
#.............# #....


You could see a boulder beetle.

Vanquished Creatures
  The ghost of achirane the Blocker, an experienced FoFi (D:6)
  Prince Ribbit (D:6)
  A hippogriff (D:7)
  Menkaure (D:6)
  A water moccasin (D:5)
  An ice beast (D:5)
  A necrophage (D:7)
  2 phantoms
  An orc warrior (D:7)
  3 centaurs
  2 giant frogs (D:6)
  A water moccasin zombie (D:7)
  A water moccasin skeleton (D:4)
  5 hounds
  3 crimson imps
  A giant frog zombie (D:5)
  3 orc priests
  2 jellies
  A centaur skeleton (D:6)
  3 orc wizards
  5 worker ants
  2 iguanas (D:4)
  A hound skeleton (D:4)
  3 hound zombies
  10 adders
  4 gnolls (D:4)
  A shadow imp (D:6)
  An adder zombie (D:7)
  An adder skeleton (D:5)
  3 worms
  8 giant geckos
  18 orcs
  A ball python (D:3)
  4 bats
  5 giant cockroaches
  2 gnoll zombies (D:3)
  6 goblins
  10 hobgoblins
  18 jackals
  A quokka (D:3)
  2 giant newts
  2 goblin skeletons (D:6)
  4 hobgoblin zombies (D:6)
  9 kobolds
  A kobold skeleton (D:6)
  A kobold zombie (D:6)
  18 rats
176 creatures vanquished.

Vanquished Creatures (others)
  A bush (D:4)
1 creature vanquished.

Grand Total: 177 creatures vanquished

Notes
Turn   | Place    | Note
--------------------------------------------------------------
     0 | D:1      | kae the Halfling Hunter began the quest for the Orb.
     0 | D:1      | Reached XP level 1. HP: 14/14 MP: 1/1
    12 | D:1      | Reached skill level 6 in Slings
   369 | D:1      | Reached XP level 2. HP: 14/19 MP: 2/2
   551 | D:1      | Reached skill level 7 in Slings
   551 | D:1      | Reached XP level 3. HP: 24/24 MP: 3/3
  1418 | D:2      | Reached XP level 4. HP: 18/29 MP: 4/4
  1683 | D:2      | Reached skill level 8 in Slings
  2424 | D:3      | Found a basalt altar of Yredelemnul.
  2493 | D:3      | Found a white marble altar of Elyvilon.
  2587 | D:3      | Reached XP level 5. HP: 29/34 MP: 5/5
  3329 | D:4      | Reached skill level 9 in Slings
  3504 | D:4      | Reached XP level 6. HP: 39/39 MP: 6/6
  3535 | D:4      | Reached skill level 10 in Slings
  3561 | D:4      | Found a deep blue altar of Sif Muna.
  3565 | D:4      | Found an iron altar of Okawaru.
  3598 | D:4      | Found a sparkling altar of Nemelex Xobeh.
  3644 | D:4      | Became a worshipper of Warmaster Okawaru
  4059 | D:4      | Reached skill level 11 in Slings
  4059 | D:4      | Reached XP level 7. HP: 30/44 MP: 7/7
  4393 | D:4      | Found a deep blue altar of Sif Muna.
  4419 | D:5      | Entered Level 5 of the Dungeon
  4690 | D:4      | Reached skill level 12 in Slings
  5119 | D:5      | Acquired Okawaru's first power
  5119 | D:5      | Reached XP level 8. HP: 49/49 MP: 8/8
  5129 | D:5      | Reached skill level 13 in Slings
  5355 | D:5      | Found Zoptao Xomae's Distillery.
  5374 | D:5      | Bought a potion of heal wounds for 60 gold pieces
  5374 | D:5      | Bought a potion of haste for 120 gold pieces
  5940 | D:6      | Reached skill level 14 in Slings
  5973 | D:6      | Noticed achirane's ghost (experienced FoFi)
  6029 | D:6      | Killed achirane's ghost
  6029 | D:6      | Reached skill level 15 in Slings
  6029 | D:6      | Reached XP level 9. HP: 14/54 MP: 9/9
  6255 | D:6      | Found a glowing golden altar of the Shining One.
  6549 | D:6      | Reached skill level 16 in Slings
  6599 | D:6      | Noticed Menkaure
  6608 | D:6      | Killed Menkaure
  6761 | D:6      | Noticed Prince Ribbit
  6774 | D:6      | Killed Prince Ribbit
  7130 | D:7      | Reached skill level 5 in Fighting
  7133 | D:7      | Found an opulent altar of Gozag.
  7200 | D:7      | Found a staircase to the Ecumenical Temple.
  7279 | D:7      | Reached XP level 10. HP: 52/68 MP: 10/10
  7734 | D:7      | Annihilated by a boulder beetle

Vault maps used:
D:1:      evilmike_arrival_run_for_it, minmay_rat_gold_closets
D:2:      minmay_statues_item, lightli_corner_chamber
D:3:      wad_lake_hut, lemuel_zombie_altar_yredelemnul, elyvilon_altar_3,
          first_bread
D:4:      gammafunk_temple_overflow_forgotten, led_sif_book
D:5:      serial_shops, shop
D:6:      nicolae_tso_besieged_by_evil, uniq_prince_ribbit1, uniq_menkaure
D:7:      boulder_indie, nicolae_gozag_seed_capital, minmay_temple_entry_glass

Action                   |  1- 3 |  4- 6 |  7- 9 | 10-12 || total
-------------------------+-------+-------+-------+-------++-------
Melee: Short sword       |     4 |    45 |       |       ||    49
 Fire: Hunting sling     |   102 |   207 |   427 |    53 ||   789
Invok: Heroism           |       |       |     3 |     1 ||     4
  Use: Scroll            |       |       |    17 |       ||    17
  Eat: Chunk             |     1 |     8 |     5 |       ||    14
       Bread ration      |       |       |     1 |       ||     1
